 Dungeon Crawl Stone Soup version 0.27.1 (webtiles) character file.

Game seed: 5662165976557704720

156 Destapler the Magician (level 5, 0/32 HPs)
             Began as a Deep Elf Air Elementalist on Aug 27, 2021.
             Slain by a human zombie (6 damage)
             ... in an ossuary.
             The game lasted 00:17:46 (3638 turns).

Destapler the Magician (Deep Elf Air Elementalist)  Turns: 3638, Time: 00:17:46

Health: 0/32       AC:  3    Str:  5    XL:     5   Next: 14%
Magic:  0/12       EV: 13    Int: 21    God:
Gold:   140        SH:  0    Dex: 15    Spells: 9/10 levels left

rFire    . . .     SeeInvis +   c - +3 long sword
rCold    . . .     Faith    .   (no shield)
rNeg     . . .     Spirit   .   a - +0 robe
rPois    .         Reflect  .   (no helmet)
rElec    .         Harm     .   (no cloak)
rCorr    .         Rampage  .   k - +0 pair of gloves
Will     .....                  (no boots)
Stlth    ++........             (no amulet)
HPRegen  0.10/turn              f - ring of see invisible
MPRegen  0.13/turn              (no ring)

@: marked
A: no striking features
a: no special abilities


You were in an ossuary.
You visited 1 branch of the dungeon, and saw 4 of its levels.
You also visited: Ossuary.

You collected 140 gold pieces.

Inventory:

Hand Weapons
 c - a +3 long sword (weapon)
 h - a +0 vampiric dagger
Missiles
 b - 15 poisoned darts
Armour
 a - a +0 robe (worn)
 k - a +0 pair of gloves (worn)
Jewellery
 f - a ring of see invisible (left hand)
Scrolls
 d - 2 scrolls of magic mapping
 j - a scroll of blinking {unknown}
Potions
 e - a potion of haste {unknown}
 g - a potion of curing {unknown}
 i - a potion of attraction {unknown}


   Skills:
 + Level 3.1 Fighting
 + Level 0.6 Armour
 + Level 2.8 Dodging
 + Level 3.0 Stealth
 + Level 3.3 Spellcasting
 + Level 1.6 Conjurations
 + Level 3.1 Air Magic


You had 9 spell levels left.
You knew the following spells:

 Your Spells              Type           Power      Damage    Failure   Level
a - Shock                 Conj/Air       52%        1d6       4%          1

Your spell library contained the following spells:

 Spells                   Type           Power      Damage    Failure   Level
 Static Discharge         Conj/Air       13%        N/A       7%          2
 Swiftness                Air            16%        N/A       11%         3
 Sublimation of Blood     Necr           1%         N/A       19%         2
 Conjure Flame            Conj/Fire      7%         6-21      26%         3
 Airstrike                Air            8%         N/A       34%         4
 Ignite Poison            Fire/Tmut/Pois 3%         N/A       36%         3
 Sticky Flame             Conj/Fire      7%         2d3       65%         4
 Petrify                  Tmut/Erth      3%         N/A       77%         4
 Irradiate                Conj/Tmut      3%         3d14      94%         5


Dungeon Overview and Level Annotations

Branches:
Dungeon (4/15)            Ossuary (1/1)
 Temple: D:4-7

Altars:
Trog


Message History

The centaur zombie kicks you but does no damage.
The zap hits the centaur zombie.
The centaur zombie is severely damaged.
The zap hits the human zombie.
The human zombie is moderately damaged.
The zap hits the human zombie.
The human zombie is heavily damaged.
The zap hits the centaur zombie.
The centaur zombie is severely damaged.
The centaur zombie barely misses you. The centaur zombie misses you.
You are too depleted to draw on your mana recklessly!
You slash the centaur zombie!
You destroy the centaur zombie!
The human zombie hits you.
* * * LOW HITPOINT WARNING * * *
Your Stealth skill increases to level 3!
You have reached level 5!
You hit the human zombie.
The human zombie is heavily damaged.
The human zombie barely misses you.
You riposte.
You hit the human zombie.
The human zombie is severely damaged.
You hit the human zombie.
The human zombie is severely damaged.
The human zombie closely misses you.
You riposte.
You hit the human zombie.
The human zombie is severely damaged.
You are too injured to fight recklessly!
Casting: Shock (safe; 4% risk of failure)
Confirm with . or Enter, or press ? or * to list all spells.
Aiming: Shock (safe; 4% risk of failure)
Press: ? - help, Shift-Dir - straight line The zap hits the human zombie.
The human zombie is severely damaged.
The zap hits the human zombie.
The human zombie is moderately damaged.
The zap hits the human zombie.
The human zombie is moderately damaged.
The zap hits the human zombie.
The human zombie is almost destroyed.
The human zombie hits you.
You die...

..# #Z.# #...# ..#
.... #...# ..#
....## #...# ..#
....# #...# .Z#
....# #...# ..#
...∩.# #...# .Z#
#...# ..# #...# ..#
#@..#
..##############ZZ.#
...................#
........∩∩Z..Z.....#
####################


You could see 2 human zombies.

Vanquished Creatures
  A centaur zombie (Ossuary)
  Jessica (D:3)
  2 adders
  5 endoplasms
  2 giant cockroaches
  3 hobgoblins
  10 jackals
  7 kobolds
  3 quokkas
  8 ball pythons
  3 bats
  4 frilled lizards (D:1)
  6 goblins
  11 hobgoblin zombies (Ossuary)
  9 kobold zombies (Ossuary)
  6 orc zombies (Ossuary)
  3 rats (D:1)
84 creatures vanquished.

Notes
Turn   | Place    | Note
-------+----------+-------------------------------------------
     0 | D:1      | Destapler the Deep Elf Air Elementalist began the quest for
                  | the Orb.
     0 | D:1      | Reached XP level 1. HP: 10/10 MP: 6/6
   161 | D:1      | Reached skill level 1 in Fighting
   315 | D:1      | Reached XP level 2. HP: 10/16 MP: 5/8
   717 | D:1      | Reached XP level 3. HP: 21/21 MP: 2/9
  1967 | D:2      | Found a bloodstained altar of Trog.
  2135 | D:2      | Found a faded altar of an unknown god.
  2529 | D:3      | Reached XP level 4. HP: 28/28 MP: 6/10
  2573 | D:3      | Noticed Jessica
  2584 | D:3      | Killed Jessica
  2912 | D:4      | Noticed a black bear
  2930 | D:4      | Found a sand-covered staircase.
  2960 | Ossuary  | Entered an ossuary
  3636 | Ossuary  | Reached XP level 5. HP: 5/32 MP: 1/12
  3638 | Ossuary  | Slain by a human zombie

Illustrated notes

Levels and vault maps discovered:
D:1:      heliophobic_arrival_ceremonial_halls, layout_basic,
          minmay_split_cup_large
D:2:      layout_basic, basic_altar, shapermc_ecumenical_altar_mp_vishouse
D:3:      layout_loops_cross, uniq_jessica
D:4:      layout_loops_ring, nicolae_ossuary_entry_ruins
Ossuary:  ossuary_tomb_1

Skill      XL: |  1  2  3  4 |
---------------+-------------+-----
Fighting       | 1 2 3 |  3.1
Stealth        | 3 |  3.0
Armour         | |  0.6
Dodging        | |  2.8
Spellcasting   | |  3.3
Conjurations   | |  1.6
Air Magic      | |  3.1

Action                   |  1- 3 |  4- 6 || total
-------------------------+-------+-------++-------
Melee: Long sword        |    16 |     7 ||    23
 Cast: Shock             |    69 |    83 ||   152
  Use: Scroll            |       |     2 ||     2
 Stab: Sleeping          |     1 |     1 ||     2
Armor: Robe              |     5 |     5 ||    10
Dodge: Dodged            |    22 |    17 ||    39
       Rpst.: Long sword |     4 |     5 ||     9
